 Dungeon Crawl Stone Soup version 0.27.1-1-g398f81649c (webtiles) character file.

Game seed: 15418939900386193243

535 ZARRMARR the Sneak (level 7, -1/48 HPs)
             Began as an Octopode Brigand on Sept 9, 2021.
             Was an Initiate of Vehumet.
             Succumbed to a scorpion's poison
             ... on level 5 of the Dungeon.
             The game lasted 00:12:06 (5430 turns).

ZARRMARR the Sneak (Octopode Brigand)               Turns: 5430, Time: 00:12:07

Health: -1/48      AC:  1    Str:  9 (11) XL:     7   Next: 25%
Magic:  7/7        EV: 14    Int: 13 (15) God:    Vehumet [......]
Gold:   204        SH:  0    Dex: 12 (13) Spells: 6/6 levels left

rFire    . . .     SeeInvis .   a - +2 dagger
rCold    . . .     Faith    +   (no shield)
rNeg     . . .     Spirit   .   (helmet restricted)
rPois    .         Reflect  .   h - amulet of faith
rElec    .         Harm     .   (no ring)
rCorr    .         Rampage  .   (no ring)
Will     .....                  (no ring)
Stlth    ++++......             (no ring)
HPRegen  0.16/turn              (no ring)
MPRegen  0.10/turn              (no ring)
                                (no ring)
                                (no ring)

@: lethally poisoned (-1 -> -19), attractive, hasted, very quick
A: almost no armour, amphibious, 8 rings, camouflage 1, gelatinous body 1,
(nimble swimmer 1), tentacles
a: Renounce Religion


You were on level 5 of the Dungeon.
You worshipped Vehumet.
Vehumet was noncommittal.
You visited 1 branch of the dungeon, and saw 5 of its levels.

You collected 204 gold pieces.

Inventory:

Hand Weapons
 a - a +2 dagger (weapon)
Missiles
 b - 8 poisoned darts (quivered)
 c - 2 curare-tipped darts
 l - a throwing net
 n - 5 datura-tipped darts
 o - 5 boomerangs
Jewellery
 h - an amulet of faith (around mantle)
 i - a ring of wizardry
Wands
 d - a wand of polymorph (3)
Scrolls
 f - a scroll of blinking
 m - a scroll of magic mapping


   Skills:
 + Level 4.1 Fighting
 + Level 4.1 Short Blades
 - Level 2.0 Throwing
 + Level 3.6 Dodging
 + Level 7.5 Stealth
 + Level 0.0 Spellcasting
 + Level 0.0 Ice Magic


You had 6 spell levels left.
You didn't know any spells.
Your spell library contained the following spells:

 Spells                   Type           Power      Damage    Failure   Level
 Slow                     Hex            0%         N/A       43%         2
 Confusing Touch          Hex            0%         N/A       67%         3
 Vampiric Draining        Necr           0%         2d6       67%         3
 Freezing Cloud           Conj/Ice/Air   0%         6-21      100%        5
 Simulacrum               Ice/Necr       0%         N/A       100%        6
 Polar Vortex             Ice            0%         N/A       100%        9


Dungeon Overview and Level Annotations

Branches:
Dungeon (5/15)
 Temple: D:4-7

Altars:
Vehumet

Shops:
D:2 :   D:4 *


Innate Abilities, Weirdness & Mutations

You cannot wear most types of armour.
You are amphibious.
You can wear up to eight rings at the same time.
Your skin changes colour to match your surroundings (Stealth+).
Your rubbery body absorbs attacks. (AC +1, EV +1)
((You are camouflaged near water. (Stealth+)))
You have tentacles for arms and can constrict up to eight enemies at once.


Message History

The white imp shouts, "Get thee hence, thou horrid tickle-brained dewberry!"
The white imp closely misses you.
You hit the white imp.
You kill the white imp!
Vehumet accepts your kill.
You barely miss the scorpion. Your grab misses the scorpion.
The scorpion stings you.
You are poisoned.
The scorpion poisons you!
You barely miss the scorpion. You grab the scorpion.
You constrict the scorpion.
You feel very sick. The scorpion barely misses you.
It was a potion of cancellation.
Your magical effects are unravelling.
You feel magically purged.
The sentinel's mark upon you fades away.
You constrict the scorpion, but do no damage.
You feel sick. The scorpion stings you.
* * * LOW HITPOINT WARNING * * *
It was a potion of attraction.
You feel attractive to monsters.
You constrict the scorpion.
* * * LOW HITPOINT WARNING * * *
You feel sick. The scorpion barely misses you.
A scorpion zombie comes into view.
The scorpion zombie is pulled toward you!
It was a potion of degeneration.
There was something very wrong with that liquid.
You feel weakened.
You feel dopey.
You feel clumsy.
You constrict the scorpion.
* * * LOW HITPOINT WARNING * * *
You feel sick. The scorpion stings you.
* * * LOW HITPOINT WARNING * * *
You are more poisoned.
The scorpion poisons you!
The scorpion zombie is pulled toward you!
It was a potion of haste.
You feel yourself speed up.
You constrict the scorpion.
You die...

## #.. ......
#.##.# ###.##.#
.......
####.##.########.
........@.......$
###.##s########.
#...Z.......
#<##.#######
#.##.# ......
##.##.## #.##.#
......


You could see a scorpion and a scorpion zombie.

Vanquished Creatures
  A phantom (D:3)
  A scorpion (D:4)
  A jelly (D:4)
  A hound (D:4)
  An iguana (D:3)
  Jessica (D:2)
  Natasha (thrice) (D:2)
  8 gnolls
  4 adders
  2 white imps (D:5)
  2 worms
  2 dart slugs
  7 orcs
  4 ball pythons
  2 bats (D:3)
  6 endoplasms
  4 giant cockroaches
  7 goblins
  4 hobgoblins
  3 jackals (D:2)
  4 quokkas
  7 frilled lizards
  4 kobolds
  5 rats
84 creatures vanquished.

Vanquished Creatures (others)
  A fungus (D:2)
1 creature vanquished.

Grand Total: 85 creatures vanquished

Notes
Turn   | Place    | Note
-------+----------+-------------------------------------------
     0 | D:1      | ZARRMARR the Octopode Brigand began the quest for the Orb.
     0 | D:1      | Reached XP level 1. HP: 14/14 MP: 1/1
    83 | D:1      | Reached XP level 2. HP: 19/19 MP: 2/2
   740 | D:2      | Reached XP level 3. HP: 25/25 MP: 3/3
   754 | D:2      | Noticed Jessica
   764 | D:2      | Killed Jessica
  1001 | D:2      | Noticed Natasha
  1004 | D:2      | Killed Natasha
  1005 | D:2      | Reached skill level 6 in Stealth
  1005 | D:2      | Reached XP level 4. HP: 30/30 MP: 4/4
  1072 | D:2      | Found a faded altar of an unknown god.
  1175 | D:2      | Found Owoemo's Book Shop.
  1642 | D:2      | Noticed Natasha
  1649 | D:2      | Killed Natasha
  1983 | D:2      | Noticed Natasha
  2005 | D:2      | Killed Natasha
  2006 | D:2      | Reached XP level 5. HP: 5/36 MP: 5/5
  2333 | D:2      | Found a faded altar of an unknown god.
  2495 | D:2      | Found Owoemo's Book Shop.
  3339 | D:3      | Found a radiant altar of Vehumet.
  3452 | D:3      | Reached XP level 6. HP: 40/42 MP: 6/6
  4084 | D:3      | Reached skill level 7 in Stealth
  4588 | D:3      | Became a worshipper of Vehumet
  5254 | D:4      | Reached XP level 7. HP: 48/48 MP: 7/7
  5371 | D:4      | Found Dovoneq's Overcharged Wands.
  5401 | D:5      | Entered Level 5 of the Dungeon
  5430 | D:5      | Succumbed to a scorpion's poison

Illustrated notes

Levels and vault maps discovered:
D:1:      dpeg_arrival_three_bigger_balls, layout_rooms
D:2:      layout_loops_cross, serial_shops, nicolae_square_shop,
          dreamdust_ecumenical_altar_hidden_monk_grotto, lightli_corner_chamber,
          uniq_natasha, uniq_jessica
D:3:      layout_basic, lemuel_tele_altar
D:4:      layout_basic, nicolae_shop_overcharged_wands
D:5:      layout_basic, tgw_xom, gammafunk_ghost_stat_death, serial_shops,
          nicolae_stop_n_shop_1

Skill      XL: |  1  2  3  4  5  6 |
---------------+-------------------+-----
Dodging        | 2 3 |  3.6
Stealth        | 6 7 |  7.5
Fighting       | 3 4 |  4.1
Short Blades   | 3 4 |  4.1
Throwing       | |  2.0

Action                   |  1- 3 |  4- 6 |  7- 9 || total
-------------------------+-------+-------+-------++-------
Melee: Dagger            |    35 |   149 |    17 ||   201
       Constrict         |     7 |    34 |     4 ||    45
       Tentacles         |     2 |    31 |     4 ||    37
       Unarmed           |       |     5 |       ||     5
Throw: Dart              |     7 |       |       ||     7
  Use: Scroll            |     1 |     4 |       ||     5
       Potion            |       |       |     4 ||     4
 Stab: Sleeping          |    10 |    11 |     2 ||    23
       Distracted        |       |     2 |       ||     2
Armor: Skin              |     2 |     3 |     1 ||     6
Dodge: Dodged            |     9 |    89 |     6 ||   104
